 Dungeon Crawl Stone Soup version 0.17.2-1-ge4368a0 (webtiles) character file.

9 tidbits the Insei (level 1, 0/15 HPs)
             Began as a Demigod Transmuter on Aug 26, 2017.
             Slain by a hobgoblin (5 damage)
             ... on level 1 of the Dungeon.
             The game lasted 00:02:57 (232 turns).

tidbits the Insei (Demigod Transmuter)               Turns: 232, Time: 00:02:57

Health: 0/15       AC:  2    Str: 13      XL:     1   Next: 86%
Magic:  6/6        EV: 12    Int: 17      God:
Gold:   0          SH:  0    Dex: 15 (16) Spells: 1 memorised, 3 levels left

rFire  . . .     SeeInvis .       - Unarmed
rCold  . . .     Clarity  .     b - +0 robe
rNeg   . . .     SustAt   +     (no shield)
rPois  .         Gourm    .     (no helmet)
rElec  .         Spirit   .     (no cloak)
rCorr  .         Warding  .     (no gloves)
rMut   .         Stasis   .     (boots currently unavailable)
MR     .....                    (no amulet)
Stlth  +.........               (no ring)
                                (no ring)

@: appendage (expiring), not resistant to hostile enchantments, very unstealthy
A: talons 3, high mp 1, sustain attributes
a: End Transformation


You were on level 1 of the Dungeon.
You were not hungry.
You had grown temporary talons.
You visited 1 branch of the dungeon, and saw 2 of its levels.

Inventory:

Missiles
 a - 12 arrows
 e - 3 poisoned needles
 g - 37 stones (quivered)
Armour
 b - a +0 robe (worn)
Books
 c - a book of Changes

   Spells                             Type                      Level
   a - Beastly Appendage              Transmutation                1
   b - Sticks to Snakes               Transmutation                2
   c - Spider Form                    Transmutation/Poison         3
   d - Ice Form                       Ice/Transmutation            4
   e - Blade Hands                    Transmutation                5
Comestibles
 d - 2 bread rations


   Skills:
 - Level 0.8 Fighting
 - Level 1.7 Dodging
 * Level 2.7 Unarmed Combat
 - Level 2.2 Spellcasting
 + Level 1.9 Transmutations


You had 3 spell levels left.
You knew the following spells:

 Your Spells              Type           Power        Failure   Level  Hunger
e - Beastly Appendage     Trmt           #.....       10%         1    #......


Dungeon Overview and Level Annotations

Branches:
Dungeon (2/15)

Annotations:
D:2 Terence


Innate Abilities, Weirdness & Mutations

You have an increased reservoir of magic (+10% MP).
Your attributes are resistant to harm.
You have claws for feet.


Message History

Your Spellcasting skill increases to level 2!
You hit the kobold. You headbutt the kobold.
You kill the kobold!
Things that are here:
a kobold corpse; a ball python corpse Drink which item? (? for menu, Esc to quit)
It was a potion of degeneration.
There was something very wrong with that liquid.
You feel somewhat clumsy.
Drink which item? (? for menu, Esc to quit)
It was a potion of curing.
You feel better.
Your horns disappear.
A bat and a rat come into view.
Found a bread ration and 3 poisoned needles.
Casting: Beastly Appendage
Confirm with . or Enter, or press ? or * to list all spells.
You grow a pair of large bovine horns.
The bat hits you but does no damage. The bat barely misses you.
The bat barely misses you. x2
The bat hits you.
* * * LOW HITPOINT WARNING * * *
The bat hits you but does no damage. The bat misses you.
Your transformation is almost over.
The bat misses you.
Things that are here:
a kobold corpse; a ball python corpse You barely miss the bat.
You headbutt the bat.
The bat is heavily wounded.
The bat hits you but does no damage. The bat closely misses you.
You hit the bat.
You kill the bat!
You closely miss the rat. You headbutt the rat.
You kill the rat!
Found a stone staircase leading down.
Your horns disappear.
g - 37 stones (gained 20)
d - 2 bread rations (gained 1)
There is a stone staircase leading down here.
You see here 3 poisoned needles.
e - 3 poisoned needles You open the large door.
There is a large open door here.
There is a large open door here.
You open the door.
Found a leather armour.
There is a stone staircase leading down here.
You climb downwards.
Terence the Incautious comes into view.
He is wielding a short sword.
There is a stone staircase leading up here.
You climb upwards.
There is a stone staircase leading down here.
You open the door.
A hobgoblin comes into view.
It is wielding a club. 2 hobgoblins come into view.
Found a scroll labeled CEUBEI MIONK.
There is an open door here.
Casting: Beastly Appendage
Confirm with . or Enter, or press ? or * to list all spells.
Your feet morph into talons.
The hobgoblin shouts! x2
The hobgoblin shouts!
You hit the hobgoblin. Your kick misses the hobgoblin.
The hobgoblin is almost dead.
The hobgoblin completely misses you.
You hit the hobgoblin but do no damage. Your kick misses the hobgoblin.
The hobgoblin is almost dead.
The hobgoblin hits you with a club.
You hit the hobgoblin but do no damage. Your kick misses the hobgoblin.
You punch the hobgoblin, but do no damage.
The hobgoblin is almost dead.
You hit the hobgoblin.
You kill the hobgoblin!
You hit the hobgoblin but do no damage. The hobgoblin hits you.
* * * LOW HITPOINT WARNING * * *
You hit the hobgoblin.
The hobgoblin is heavily wounded.
The hobgoblin misses you.
You closely miss the hobgoblin.
The hobgoblin is heavily wounded.
Your transformation is almost over.
The hobgoblin closely misses you.
You hit the hobgoblin.
You claw the hobgoblin, but do no damage.
The hobgoblin is severely wounded.
The hobgoblin hits you.
* * * LOW HITPOINT WARNING * * *
You barely miss the hobgoblin. Your kick misses the hobgoblin.
The hobgoblin is severely wounded.
The hobgoblin closely misses you.
You barely miss the hobgoblin. Your kick misses the hobgoblin.
The hobgoblin is severely wounded.
You aren't carrying any potions.
Unknown command.
You hit the hobgoblin.
You kill the hobgoblin!
You closely miss the hobgoblin. Your kick misses the hobgoblin.
The hobgoblin hits you.
You die...

#....#..#.####.#########...####..
........#.####.........#.........
............####.......##....####
...............+.......''........
.............###.......##....####
.#...........# +.......>.........
.#...........###.......##########
...........#.†.........#
.........#.#####@#######
##.#####.#.# #g#
.#.#...#.#....?...#
.'.#.<.#.#........#
.#.#...#.#........#
##.##'##..........#
..................#
##.#####.#.......## .#.#...#
#...g...#


You could see a hobgoblin.

Vanquished Creatures
  A giant gecko (D:1)
  A bat (D:1)
  2 hobgoblins (D:1)
  A kobold (D:1)
  A ball python (D:1)
  A rat (D:1)
7 creatures vanquished.

Notes
Turn   | Place    | Note
--------------------------------------------------------------
     0 | D:1      | tidbits the Demigod Transmuter began the quest for the Orb.
     0 | D:1      | Reached XP level 1. HP: 15/15 MP: 5/5
    81 | D:1      | HP: 1/15 [giant gecko (4)]
    92 | D:1      | Reached skill level 2 in Spellcasting
   205 | D:2      | Noticed Terence
   232 | D:1      | Slain by a hobgoblin

Action                   || total
-------------------------++-------
Melee: Unarmed           ||    31
 Cast: Beastly Appendage ||     4
  Use: Potion            ||     2
 Stab: Sleeping          ||     1

Table legend:
 A = Turns spent in this place as a percentage of turns spent in the entire game.
 B = Non-inter-level travel turns spent in this place as a percentage of non-inter-level travel turns spent in the entire game.
 C = Inter-level travel turns spent in this place as a percentage of turns spent in this place.
 D = Turns resting spent in this place as a percentage of non-inter-level travel turns spent in this place.
 E = Turns spent auto-exploring this place as a percentage of non-inter-level travel turns spent in this place.
 F = Non-inter-level travel turns spent in this place divided by the number of levels of this place that you've seen.
                   A       B       C       D       E      F
               +-------+-------+-------+-------+-------+----------------------
         Total | 100.0 | 100.0 |   0.0 |   0.0 |   0.0 | 108.5
       Dungeon | 100.0 | 100.0 |   0.0 |   0.0 |   0.0 | 108.5
               +-------+-------+-------+-------+-------+----------------------

Table legend:
 A = Kills in this place as a percentage of kills in entire the game.
 B = Kills by you in this place as a percentage of kills by you in the entire game.
 C = Kills by friends in this place as a percentage of kills by friends in the entire game.
 D = Other kills in this place as a percentage of other kills in the entire game.
 E = Experience gained in this place as a percentage of experience gained in the entire game.
 F = Experience gained in this place divided by the number of levels of this place that you have seen.
                   A       B       C       D       E      F
               +-------+-------+-------+-------+-------+----------------------
         Total | 100.0 | 100.0 |  -nan |  -nan | 100.0 |   6.5
       Dungeon | 100.0 | 100.0 |  -nan |  -nan | 100.0 |   6.5
               +-------+-------+-------+-------+-------+----------------------

Vault maps used:
D:1:      minmay_arrival_four_houses, serial_bayou_lagoon_a,
          minmay_misc_feat_iff, minmay_lizard_king
D:2:      lemuel_coloured_pillars_altar, uniq_terence
